Cogmind - Beta 13 @@@ ROGUE MODE // 2024.03.03 @ 16:40:19 Player: cptwinky Result: Destroyed by KC-RES(R) with Subdweller Machine Gun Performance ------------- Evolutions (0) 0 Regions Visited (2) 400 Robots Destroyed (26) 130 Value Destroyed (634) 634 Prototype IDs (0) 0 Alien Tech Used (0) 0 Bonus (0) 0 TOTAL SCORE: 1164 Bonus ------- None Cogmind --------- Core Integrity 0/250 Matter 103/300 Energy 98/250 System Corruption 2% Temperature Cool (0) Movement Treading (240) Ox1 Location -10/Subcaves Parts ------- > --- POWER (1) -------- Ion Engine > --- PROPULSION (2) --- Light Treads Light Treads > --- UTILITY (2) ------ High-capacity Storage Unit Trap Extractor (2/4 Blade) (fused) > --- WEAPON (2) ------- Autogun Autogun (fused) > --- INVENTORY (20) --- Makeshift Power Source Wheel Compact Wheel Heat Sink Trap Extractor (4/4 Explosive) Cobbler Unit Subdweller Beam Cannon Assault Rifle Autogun Subdweller Machine Gun Subdweller Machine Gun Mini Grenade Launcher Mini Grenade Launcher Datajack Hammer Makeshift Spear Peak State ------------ > --- POWER ------------ Ion Engine > --- PROPULSION ------- Light Treads Light Treads > --- UTILITY ---------- High-capacity Storage Unit Salvage Targeting Computer > --- WEAPON ----------- Autogun Autogun > --- INVENTORY -------- Ion Engine Makeshift Power Source Light Treads Light Treads Wheel Compact Wheel Heat Sink Trap Extractor Trap Extractor Trap Extractor Subdweller Beam Cannon Assault Rifle Autogun Autogun Mini Grenade Launcher Mini Grenade Launcher Datajack Hammer Hammer [Rating: 13] Favorites ----------- Power Ion Engine Engine Ion Engine Propulsion Light Treads Treads Light Treads Leg Aluminum Leg Utility High-capacity Storage Unit Device Heat Sink Storage High-capacity Storage Unit Processor Salvage Targeting Computer Weapon Autogun Energy Gun Small Laser Ballistic Gun Autogun Launcher Mini Grenade Launcher Impact Weapon Hammer Special Melee Weapon Datajack Build | -11 -10 -10 ------- Run | Yrd Mat Sub Slots Evolved . | . . . Power . | . . . Propulsion . | . . . Utility . | . . . Weapon . | . . . Parts Attached 35 | 2 20 13 Power 3 | . 1 2 Engine 3 | . 1 2 Core . | . . . Reactor . | . . . Propulsion 6 | 2 2 2 Treads 6 | 2 2 2 Leg . | . . . Wheel . | . . . Hover . | . . . Flight . | . . . Utility 12 | . 8 4 Device 9 | . 6 3 Storage 2 | . 2 . Processor 1 | . . 1 Hackware . | . . . Protection . | . . . Artifact . | . . . Weapon 14 | . 9 5 Energy Gun 1 | . 1 . Energy Cannon . | . . . Ballistic Gun 8 | . 5 3 Ballistic Cannon . | . . . Launcher 2 | . 1 1 Special Weapon . | . . . Impact Weapon 1 | . . 1 Slashing Weapon . | . . . Piercing Weapon . | . . . Special Melee Weapon 2 | . 2 . Unidentified Prototypes . | . . . Parts Lost 6 | . 1 5 Power 1 | . . 1 Propulsion 2 | . . 2 Utility 1 | . . 1 Weapon 2 | . 1 1 Highest Loss Streak 2 | . 1 2 To Critical Strikes . | . . . Average Slot Usage (%) 98 | . 98 98 Engine 13 | . 14 13 Treads 27 | . 27 27 Device 12 | . 13 10 Storage 14 | . 14 14 Energy Gun 5 | . 9 . Ballistic Gun 19 | . 15 27 Special Melee Weapon 2 | . 3 . Naked Turns . | . . . Heaviest Build 53 | 10 53 53 Greatest Support 40 | 40 40 40 Greatest Overweight (x) 1 | . 1 1 Average Overweight (x) . | . . 1 Largest Inventory Capacity 20 | 8 20 20 Average Capacity 18 | 8 18 20 Most Carried 20 | 6 20 20 Average Carried 16 | 5 14 19 Final Capacity 20 | 8 20 20 Final Carried 20 | 4 20 17 Class Distribution -------------------- 67% | Mutant 32% | Trapper-Mutant Dominant Class ---------------- Mutant | -10/Materials Trapper-Mutant | -10/Subcaves Resources | -11 -10 -10 ----------- Run | Yrd Mat Sub Matter Collected 813 | 219 290 304 Remotely . | . . . Salvage Created 831 | . 542 289 Parts 37 | . 25 12 Haulers Intercepted 2 | . 2 . Recyclers Shooed 1 | . 1 . Parts Field Recycled . | . . . Retrieved Matter . | . . . Parts Self-Destructed 3 | . . 3 Prevented . | . . . Kills | -11 -10 -10 ------- Run | Yrd Mat Sub Combat Hostiles Destroyed 20 | . 13 7 Guns 16 | . 11 5 AOE 4 | . 2 2 Classes Destroyed 9 | . 7 2 Worker 1 | . 1 . Hauler 2 | . 2 . Recycler 1 | . 1 . Operator 1 | . 1 . Watcher 1 | . 1 . Swarmer 6 | . 6 . Grunt 7 | . 7 . Cobbler 1 | . . 1 Subdweller 7 | . . 7 Best Kill Streak 3 | . 3 2 Combat Bots Only 2 | . 2 2 Max Kills in Single Turn 2 | . 1 2 Gunslinging . | . . . Exploded 2 | . 1 2 Melee . | . . . Uniques/NPCs Destroyed . | . . . Combat | -11 -10 -10 -------- Run | Yrd Mat Sub Hostile Shots Fired 114 | . 66 48 Missed 25 | . 15 10 Damage Taken 1335 | . 524 811 Core 260 | . 99 161 Absorbed by Shields 51 | . . 51 Regen/Repaired (Parts) 120 | . 120 . Core Remaining (%) 100 | 100 . . Volleys Fired 99 | . 68 31 Largest 2 | . 2 2 Hottest 60 | . 60 46 Shots Fired 185 | . 129 56 Gun 173 | . 124 49 Cannon . | . . . Launcher 12 | . 5 7 Special . | . . . Kinetic 124 | . 75 49 Thermal 49 | . 49 . Explosive 12 | . 5 7 Electromagnetic . | . . . Robot Hit Streak 21 | . 16 21 Robot Miss Streak 4 | . 4 1 Penetration Max . | . . . Secondary Targets 1 | . 1 . Max Gunslinging Chain 1 | . 1 . Shots Hit Robots 142 | . 91 51 Core Hits 54 | . 35 19 Critical Kills . | . . . Critical Parts Destroyed 2 | . . 2 Critical Strikes 4 | . . 4 Destroy 2 | . . 2 Smash 2 | . . 2 Melee Attacks 13 | . 1 12 Impact 12 | . . 12 Slashing . | . . . Piercing . | . . . Sneak Attacks 1 | . 1 . Combat Hostiles . | . . . Follow-up Attacks . | . . . Damage Inflicted 2598 | . 1242 1356 Guns 1438 | . 827 611 Cannons . | . . . Explosions 994 | . 395 599 Melee 146 | . . 146 Ramming 20 | . 20 . Kinetic 1096 | . 485 611 Thermal 342 | . 342 . Explosive 994 | . 395 599 Electromagnetic . | . . . Impact 146 | . . 146 Slashing . | . . . Piercing . | . . . Highest Corruption 2 | . 2 2 Average Corruption 2 | . 2 2 Corruption Purged . | . . . Corruption Blocked . | . . . Effects 20 | . 2 18 Message Errors 4 | . . 4 Matter Fused 4 | . 1 3 Heat Flow Errors 1 | . . 1 Energy Discharges 3 | . . 3 Parts Fused 2 | . . 2 Data Loss (minor) 4 | . 1 3 Misfires 1 | . . 1 Alerts 1 | . . 1 Overload Shots . | . . . Overflow Damage 83 | . 18 65 Projectiles . | . . . Explosions 49 | . 18 31 Melee 34 | . . 34 Knockbacks . | . . . Impact . | . . . Kinetic . | . . . Secondary . | . . . Self-Inflicted Damage . | . . . Shots . | . . . Rammed 5 | . 5 . Targets Rammed 5 | . 5 . Kicked . | . . . Crushed . | . . . Highest Temperature 104 | . 70 104 Average Temperature 23 | . 21 55 Received Heat Transfer 291 | . 204 87 Siege Activations . | . . . Robots Corrupted . | . . . Combat Hostiles . | . . . Parts Fried . | . . . Impact Corruptions 1 | . . 1 Robots Melted . | . . . Combat Hostiles . | . . . Parts Melted . | . . . Heat Transferred 775 | . 775 . Parts Sabotaged . | . . . Parts Stolen . | . . . Parts Stripped . | . . . Power Chain Reactions . | . . . Alert | -11 -10 -10 ------- Run | Yrd Mat Sub Peak Influence 206 | . 206 . Initial . | . . . Average 69 | . 69 . Maximum Alert Level 1 | . 1 . Low Security (%) 88 | 100 88 . Level 1 11 | . 11 . Level 2 . | . . . Level 3 . | . . . Level 4 . | . . . Level 5 . | . . . High Security . | . . . Max Security . | . . . Squads Dispatched 3 | . 3 . Investigation 1 | . 1 . Extermination . | . . . Reinforcement 2 | . 2 . Assault . | . . . Garrison . | . . . Intercept . | . . . Searches Triggered . | . . . Construction Impeded . | . . . Haulers Reinforced . | . . . Active Scanning Responses . | . . . Cargo Convoy Interrupts . | . . . Stealth | -11 -10 -10 --------- Run | Yrd Mat Sub Distress Signals 5 | . 5 . Communications Jammed . | . . . Distress Signals . | . . . Times Spotted 42 | . 34 8 Peak Tracking Total 4 | . 4 2 Tactical Retreats 1 | . 1 . Traps | -11 -10 -10 ------- Run | Yrd Mat Sub Traps Triggered 2 | . 2 . Indirectly . | . . . Trap Hack Attempts 178 | . 178 . Triggered 1 | . 1 . Disarmed 4 | . 4 . Reprogrammed 11 | . 11 . Reused 2 | . . 2 Traps Extracted 11 | . 10 1 Installed 5 | . . 5 Triggered . | . . . Most Traps Carried 10 | . 10 10 Machines | -11 -10 -10 ---------- Run | Yrd Mat Sub Machines Disabled . | . . . Max in Single Turn . | . . . Machines Repaired . | . . . Machines Dismantled . | . . . Machines Sabotaged . | . . . Overloaded Fab Kills . | . . . Hacking | -11 -10 -10 --------- Run | Yrd Mat Sub Machines Accessed 5 | . 5 . Terminals 4 | . 4 . Fabricators . | . . . Repair Stations 1 | . 1 . Recycling Units . | . . . Scanalyzers . | . . . Garrison Access . | . . . Total Hacks 14 | . 14 . Successful 8 | . 8 . Failed 5 | . 5 . Catastrophic 2 | . 2 . Database Lockouts 1 | . 1 . Manual 6 | . 6 . Terminals 10 | . 10 . Fabricators . | . . . Repair Stations 4 | . 4 . Recycling Units . | . . . Scanalyzers . | . . . Garrison Access . | . . . Terminal Hacks 3 | . 3 . Robot Analysis 1 | . 1 . Locate Traps 1 | . 1 . Hauler Manifests 1 | . 1 . Fabricator Hacks . | . . . Repair Station Hacks 4 | . 4 . Scan Component 2 | . 2 . Repair 2 | . 2 . Recycling Unit Hacks . | . . . Scanalyzer . | . . . Garrison Access Hacks . | . . . Unauthorized Hacks 1 | . 1 . Terminals 1 | . 1 . Botnet 1 | . 1 . Fabricators . | . . . Repair Stations . | . . . Recycling Units . | . . . Scanalyzers . | . . . Garrison Access . | . . . Data Cores Recovered . | . . . Used . | . . . Hacking Detections 5 | . 5 . Full Trace Events 1 | . 1 . Feedback Events . | . . . Feedback Blocked . | . . . Robot Schematics Acquired . | . . . Robots Built . | . . . Authchips . | . . . Time . | . . . Total Robot Build Rating . | . . . Part Schematics Acquired . | . . . Parts Built . | . . . Authchips . | . . . Time . | . . . Total Part Build Rating . | . . . Parts Repaired 2 | . 2 . Time 52 | . 52 . Parts Recycled . | . . . Recycled Matter . | . . . Retrieved Matter . | . . . Retrieved Components . | . . . Parts Scanalyzed . | . . . Part Schematics Acquired . | . . . Parts Damaged . | . . . Bothacking | -11 -10 -10 ------------ Run | Yrd Mat Sub Used RIF Installer . | . . . Robots Hacked 1 | . 1 . Non-combat 1 | . 1 . Combat . | . . . Robot Hacks Applied 1 | . 1 . no_distress 1 | . 1 . Relay Couplers Released . | . . . Fabnet Peak Effective % . | . . . Robots Rewired . | . . . Allies Hacked . | . . . Hacks Repelled . | . . . Allies | -11 -10 -10 -------- Run | Yrd Mat Sub Total Allies . | . . . Largest Group . | . . . Highest-Rated Group . | . . . Highest-Rated Ally . | . . . Total Orders . | . . . Ally Attacks . | . . . Total Damage . | . . . Kills . | . . . Allies Corrupted . | . . . Allies Melted . | . . . Intel | -11 -10 -10 ------- Run | Yrd Mat Sub Robot Analysis Total 1 | . 1 . Derelict Logs Recovered 2 | . . 2 Drone Launches . | . . . Drone Recoveries . | . . . Exploration | -11 -10 -10 ------------- Run | Yrd Mat Sub Turns Passed 3901 | 6 2495 1400 Spaces Moved 1277 | 2 783 492 Core . | . . . Treads 1276 | 1 783 492 Legs 1 | 1 . . Wheels . | . . . Hover . | . . . Flight . | . . . Fastest Speed 120 | 120 160 240 Average Speed 227 | 140 219 240 Slowest Speed 240 | 160 240 240 Overloaded Moves . | . . . Propulsion Burnouts . | . . . Robots Hopped . | . . . Cave-ins Triggered . | . . . Exploration Rate (%) 33 | 2 66 32 Regions Visited 2 Branch Regions 1 Pre-discovered Areas 2 | . . 2 Known Exits Taken . | . . . Unknown Exits Taken 2 | 1 1 . Scrap Searched 1 | . . 1 Spaces Dug . | . . . Terrain Destroyed 52 | . 30 22 Melee . | . . . Projectile . | . . . AOE 52 | . 30 22 Terrain Rammed . | . . . Walls Destroyed . | . . . Machines Disabled . | . . . Actions | -11 -10 -10 --------- Run | Yrd Mat Sub Total 2086 | 5 1435 646 Wait 428 | . 348 80 Move 1275 | 1 782 492 Hop . | . . . Pick Up 29 | . 22 7 Fast Attach 4 | . 4 . Attach 7 | . 1 6 Detach 2 | . 1 1 Swap 24 | 2 15 7 Drop 17 | 2 10 5 Fire 99 | . 68 31 Melee 13 | . 1 12 Ram . | . . . Kick . | . . . Crush 5 | . 5 . Escape Stasis . | . . . Rewire . | . . . Trap 183 | . 178 5 Miscellaneous . | . . . Route ------- -11/Scrapyard -10/Materials (discovered 2 exits: [*Min] / [*Sub]) -10/Subcaves History --------- Turn | Location | Event 1 | -11/Scrapyard | Discovered new exit (range 1) 7 | -11/Scrapyard | Entered Materials 310 | -10/Materials | Build established: Mutant 421 | -10/Materials | Central database locked down 1468 | -10/Materials | Repaired Lgt. Treads 1496 | -10/Materials | Repaired Lgt. Treads 1634 | -10/Materials | Discovered new exit (range 15) 2420 | -10/Materials | Discovered new exit (range 9) 2502 | -10/Materials | Entered Subcaves 2539 | -10/Subcaves | Learned location of Zion (-7) 2539 | -10/Subcaves | Met a Zionite searching for "candidates" 2567 | -10/Subcaves | Build established: Trapper-Mutant 2636 | -10/Subcaves | A swath of the cavern ceiling suddenly collapsed 2719 | -10/Subcaves | Core integrity fell below 50% 3737 | -10/Subcaves | Ambushed by Subdwellers from Twisted Machinery 3808 | -10/Subcaves | Learned location of Mines (-9) 3817 | -10/Subcaves | Build established: Mutant 3862 | -10/Subcaves | Disturbed a concealed Subdweller 3888 | -10/Subcaves | Core integrity fell below 20% 3902 | -10/Subcaves | Destroyed by KC-RES(R) with Subdweller Machine Gun Last Messages --------------- 03756_ 73-HG5(R) destroyed. 03756_ A2-G3C(R) destroyed. 03759_ The unstable cave ceiling collapses. 03765_ PR4AMY&3Q5: H 9Y 03785_ System corrupted: Matter fused (-5). 03803_ The unstable cave ceiling collapses. 03808_ Acquired derelict log, extracted data. World map updated: -9/Mines. 03834_ Acquired 28 matter. 03836_ Acquired 10 matter. 03862_ A7-O60(R) angrily emerges from the Twisted Machinery. 03863_ A7-O60(R): "WAAAAAA!" 03881_ Autogun destroyed. 03890_ A7-O60(R) destroyed. 03895_ Ion Engine destroyed. 03900_ KC-RES(R) affixes Scrap Shield Fragment to Scrap Shield. 03902_ KC-RES(R) suffers critical hit (Destroy). Map ----- +----------------------------------------------------+ | ?????????????????????????????????# ####? | | ?????????????????????????????????# # #" #? | | ?????????????????????????????????# # # & # " #? | | ?????????????????????????????????## # " "#? | | ???????????????????????????????#?## " ###? | | ???????????????????????????????# # " ##??? | | ??????????????????????????????## # " ##??? | | ??????????????????????????????# "" #??? | | ??????????????????????????? # "" "## " | | ?????????????????????????? ## # ## "" | | ??????????????????????????? ??####?#" ### """ | | ????????????????????????????????????### #?### | | ??????????????????????????????????????## ##?????# | | ??????????????????????????????????????# #??????? | | ??????????????????????????????????????## ##?????? | | ????????????????????????????????????#### #?????? | | ???????????????????????????????###### # ##?????? | | ?????????????????????????????### "" #?????? | | ?????????????????????????????# % "" ##?????? | | ????????????????????????????## # #??????? | | ????????????????????????????# # ########??????? | | ????????????????????????#####< # #?????????????? | | ????????????????????????# #<< #?????????????? | | ????????????????????????# * & #?????????????? | | ????????????????????????# ## #?????????????? | | ????????????????# ??????#@&# %## #?????????????? | | ????????????????#"""???###R## ## #?????????????? | | ????????????????#" &"##" # ## ?????????????? | | ?????????????????""""" ## # ????????????? | | ????????????????#" " " &" ## # ???????????? | | ????????????????#""""""" ""### # ## ??????????? | | ?????????????????# " " & ###?? % #?##?????????? | | ?????????????????#########???? #????????????? | | ?????????????????????????????? %#????????????? | | ?????????????????????????????? ##????????????? | | ?????????????????????????????? ?##?????????????? | | ?????????????????????????????? ##???????????????? | | ?????????????????????????????? #????????????????? | | ??????????????????????????????? ?????????????????? | | ?????????????????????????????????????????????????? | | ?????????????????????????????????????????????????? | | ?????????????????????????????????????????????????? | | ?????????????????????????????????????????????????? | | ?????????????????????????????????????????????????? | | ?????????????????????????????????????????????????? | | ?????????????????????????????????????????????????? | | ?????????????????????????????????????????????????? | | ?????????????????????????????????????????????????? | | ?????????????????????????????????????????????????? | | ?????????????????????????????????????????????????? | +----------------------------------------------------+ Best States ------------- Heat Dissipation 35 Energy Generation 10 Energy Capacity 250 Matter Stores 300 Matter Capacity 300 Sight Range 16 Terrain Scan Density 10 Evasion (%) 40 Recoil Reduction 2 Salvage Targeting 1 Trap Extractor Capacity 4 Item Schematics ----------------- None Robot Schematics ------------------ None Fabricated ------------ Nothing Alien Tech Used ----------------- None Achievements -------------- None Challenges ------------ None Game ------ Seed OpticalReflectiveGreatsword Manual? 0 Play Time 00:13:02 Cumulative 1488.4 hours Start 2024.03.03 @ 16:29:01 End 2024.03.03 @ 16:40:19 Sessions 1 Manual Loads 0 Difficulty Rogue Special Mode None Game No. 1036 Rogue 1032 Adventurer 4 Explorer 0 Win Type - Total 182 Types 133/11/12/8/2/1/3/8/4 Lore% 95 Gallery% 98 Achievement% 98 Wizard Run 0 Options --------- Layout 2 ASCII 0 Keyboard 1 Movement Vi Keybinds 0 Fullscreen 0 Font 24/Terminus Map View 59x48 Zoom Use 0% Tactical HUD 1 Map Filters NONE Filters NONE Steam 1 RUN: 9d51faa0-401b-4c7f-b721-13cb5d9c1439